General information
- name: BNet
- type: Ladder team game (AT/RT)
- host: Battle.net
- saver: Alchemie
map: FullScaleAssault
- players: 8
- length: 50:09
- speed: Fast
- version: 1.27 W3XP
- replay type: Public
» download(281 KB)
Players
team 1 (loser)

»
seafoodcake (
yellow | 52 APM | 971 actions | 18:36)
4 Blademaster
2 Critical Strike
2 Wind Walk
2 Shadow Hunter
1 Hex
1 Healing Wave
» actions
| Assign group hotkey | 16 | |
| Basic commands | 122 | |
| Build / train | 84 | |
| Enter build submenu | 26 | |
| Enter hero's abilities submenu | 6 | |
| Give item / drop item | 4 | |
| Remove unit from queue | 1 | |
| Right click | 194 | |
| Select / deselect | 269 | |
| Select group hotkey | 204 | |
| Use ability | 45 | |
971 total
» units
| Peon | 11 | |
| Grunt | 5 | |
| Troll Headhunter/Berserker | 6 | |
| Raider | 2 | |
| Goblin Shredder | 2 | |
| Shaman | 2 | |
| Troll Witch Doctor | 1 | |
| Druid of the Talon | 1 | |
| Wisp | 5 | |
| Hippogryph | 19 | |
| Tauren | 1 | |
| Kodo Beast | 1 | |
| Chimaera | 1 | |
57 total
» upgrades
| Berserker Strength | 1 | |
| Shaman Training | 2 | |
| Armor | 2 | |
| Melee Weapons | 1 | |
| Troll Regeneration | 1 | |
| Ensnare | 1 | |
| Reinforced Defenses | 1 | |
| Berserker Upgrade | 1 | |
| Witch Doctor Training | 1 | |
| Ranged Weapons | 1 | |
| Pulverize | 1 | |
13 total
» buildings
| Altar of Storms | 1 | |
| Orc Burrow | 7 | |
| Barracks | 1 | |
| Voodoo Lounge | 1 | |
| War Mill | 1 | |
| Stronghold | 1 | |
| Watch Tower | 6 | |
| Fortress | 1 | |
| Spirit Lodge | 2 | |
| Beastiary | 1 | |
| Great Hall | 1 | |
| Tauren Totem | 1 | |
| Chimaera Roost | 1 | |
| Ancient of Wind | 1 | |
| Moon Well | 1 | |
27 total
» build order
00:08 Altar of Storms
00:17 Orc Burrow
01:17 Barracks
01:30 Orc Burrow
01:49 Voodoo Lounge
02:30 War Mill
03:51 Stronghold
03:58 Watch Tower
04:07 Orc Burrow
05:03 Watch Tower
06:29 Fortress
06:32 Spirit Lodge
07:50 Spirit Lodge
08:18 Beastiary
08:44 Orc Burrow
09:23 Great Hall
10:19 Orc Burrow
11:40 Orc Burrow
13:23 Orc Burrow
14:03 Tauren Totem
14:32 Chimaera Roost
14:36 Ancient of Wind
14:50 Watch Tower
16:23 Watch Tower
16:43 Watch Tower
16:47 Watch Tower
17:09 Moon Well
» items
| Healing Salve | 1 | |
| Boots of Speed | 1 | |
| Orb of Lightning | 1 | |
3 total

»
BoardsOfCanada (
red | 58 APM | 586 actions | 10:04)
3 Pandaren Brewmaster
2 Breath of Fire
1 Drunken Brawler
» actions
| Assign group hotkey | 17 | |
| Basic commands | 5 | |
| Build / train | 39 | |
| ESC pressed | 3 | |
| Enter build submenu | 14 | |
| Enter hero's abilities submenu | 3 | |
| Give item / drop item | 1 | |
| Remove unit from queue | 1 | |
| Right click | 180 | |
| Select / deselect | 117 | |
| Select group hotkey | 170 | |
| Use ability | 36 | |
586 total
» units
» upgrades
» buildings
| Ancient of War | 1 | |
| Moon Well | 4 | |
| Altar of Elders | 1 | |
| Tree of Life | 2 | |
| Hunter's Hall | 1 | |
| Ancient of Wonders | 1 | |
| Tree of Ages | 1 | |
| Ancient of Wind | 1 | |
| Tree of Eternity | 4 | |
16 total
» build order
00:10 Ancient of War
00:11 Moon Well
00:46 Altar of Elders
01:45 Moon Well
03:00 Moon Well
03:51 Tree of Life
04:14 Moon Well
04:54 Hunter's Hall
04:56 Ancient of Wonders
06:00 Tree of Ages
08:24 Tree of Life
09:10 Ancient of Wind
09:12 Tree of Eternity
09:12 Tree of Eternity
09:13 Tree of Eternity
» items
| Dust of Appearance | 1 | |
| Boots of Speed | 1 | |
| Scroll of Town Portal | 1 | |
| Potion of Lesser Invulnerability | 1 | |
4 total
Alchemie (
orange | 57 APM | 2883 actions | 50:09)
10 Goblin Alchemist
3 Healing Spray
3 Chemical Rage
1 Transmute
3 Acid Bomb
» actions
| Assign group hotkey | 55 | |
| Basic commands | 92 | |
| Build / train | 103 | |
| Enter build submenu | 48 | |
| Enter hero's abilities submenu | 11 | |
| Give item / drop item | 4 | |
| Remove unit from queue | 1 | |
| Right click | 886 | |
| Select / deselect | 623 | |
| Select group hotkey | 776 | |
| Use ability | 284 | |
2883 total
» units
| Peasant | 17 | |
| Footman | 4 | |
| Goblin Shredder | 3 | |
| Goblin Zeppelin | 4 | |
| Dragonhawk Rider | 9 | |
| Gryphon Rider | 10 | |
47 total
» upgrades
| Masonry | 3 | |
| Swords | 3 | |
| Armor | 3 | |
| Cloud | 1 | |
| Storm Hammers | 2 | |
| Animal War Training | 1 | |
13 total
» buildings
| Altar of Kings | 1 | |
| Barracks | 2 | |
| Farm | 10 | |
| Scout Tower | 29 | |
| Town Hall | 4 | |
| Arcane Tower | 1 | |
| Lumber Mill | 1 | |
| Keep | 1 | |
| Guard Tower | 9 | |
| Castle | 1 | |
| Gryphon Aviary | 4 | |
| Blacksmith | 2 | |
| Arcane Vault | 3 | |
68 total
» build order
00:37 Altar of Kings
00:39 Barracks
00:52 Barracks
00:53 Farm
00:54 Farm
01:10 Farm
01:36 Farm
01:56 Scout Tower
03:40 Town Hall
03:52 Arcane Tower
05:30 Lumber Mill
06:05 Keep
06:27 Scout Tower
06:37 Scout Tower
06:40 Scout Tower
06:44 Scout Tower
07:06 Guard Tower
07:07 Guard Tower
08:28 Castle
08:31 Gryphon Aviary
08:32 Gryphon Aviary
08:33 Gryphon Aviary
08:34 Gryphon Aviary
08:36 Blacksmith
08:38 Blacksmith
08:42 Farm
08:43 Farm
08:57 Guard Tower
12:16 Arcane Vault
12:25 Farm
12:25 Farm
12:26 Farm
12:27 Farm
16:15 Scout Tower
16:16 Scout Tower
16:17 Scout Tower
16:17 Scout Tower
16:18 Scout Tower
16:20 Scout Tower
17:14 Guard Tower
21:25 Town Hall
21:27 Arcane Vault
21:31 Scout Tower
21:31 Scout Tower
21:32 Scout Tower
21:32 Scout Tower
21:34 Scout Tower
21:34 Scout Tower
21:34 Scout Tower
21:35 Scout Tower
21:36 Scout Tower
21:36 Scout Tower
23:36 Guard Tower
23:41 Arcane Vault
27:21 Guard Tower
27:45 Town Hall
28:01 Scout Tower
28:02 Scout Tower
28:03 Scout Tower
28:04 Scout Tower
28:05 Scout Tower
28:05 Scout Tower
28:06 Scout Tower
28:06 Scout Tower
29:14 Guard Tower
29:41 Guard Tower
32:45 Guard Tower
35:09 Town Hall
» items
| Scroll of Town Portal | 4 | |
| Periapt of Vitality | 3 | |
| Potion of Lesser Invulnerability | 1 | |
| Boots of Speed | 1 | |
| Potion of Healing | 2 | |
| Scroll of Regeneration | 1 | |
| Potion of Mana | 3 | |
| Lesser Clarity Potion | 2 | |
| Scroll of Protection | 1 | |
| Staff of Teleportation | 1 | |
19 total
bug (
green | 119 APM | 5962 actions | 49:56)
7 Blademaster
3 Wind Walk
3 Critical Strike
1 Bladestorm
6 Tauren Chieftain
3 Endurance Aura
2 War Stomp
1 Reincarnation
» actions
| Assign group hotkey | 36 | |
| Basic commands | 3 | |
| Build / train | 92 | |
| Enter build submenu | 33 | |
| Enter hero's abilities submenu | 13 | |
| Give item / drop item | 21 | |
| Remove unit from queue | 5 | |
| Right click | 2531 | |
| Select / deselect | 435 | |
| Select group hotkey | 2658 | |
| Use ability | 132 | |
5962 total
» units
| Peon | 14 | |
| Wind Rider | 17 | |
| Goblin Zeppelin | 1 | |
| Blue Drake | 1 | |
| Troll Batrider | 4 | |
| Demolisher | 2 | |
39 total
» upgrades
| Ranged Weapons | 3 | |
| Armor | 2 | |
| Spiked Barricades | 1 | |
| Envenomed Spears | 1 | |
| Reinforced Defenses | 1 | |
| Burning Oil | 1 | |
9 total
» buildings
| War Mill | 2 | |
| Altar of Storms | 1 | |
| Orc Burrow | 6 | |
| Stronghold | 2 | |
| Watch Tower | 11 | |
| Voodoo Lounge | 1 | |
| Beastiary | 2 | |
| Fortress | 2 | |
| Barracks | 1 | |
| Great Hall | 2 | |
30 total
» build order
00:15 War Mill
00:27 Altar of Storms
00:36 Orc Burrow
02:11 Stronghold
02:12 Stronghold
02:24 Orc Burrow
03:01 Watch Tower
03:07 Voodoo Lounge
03:11 Watch Tower
04:08 Orc Burrow
04:34 Beastiary
05:14 Beastiary
05:31 Watch Tower
05:34 Orc Burrow
09:36 Fortress
13:07 Watch Tower
13:08 Watch Tower
14:08 Watch Tower
14:10 Barracks
14:13 Watch Tower
18:54 Watch Tower
18:56 Watch Tower
18:58 Watch Tower
18:59 Watch Tower
25:29 Great Hall
30:31 Orc Burrow
32:01 Orc Burrow
43:57 War Mill
47:01 Great Hall
» items
| Healing Salve | 2 | |
| Boots of Speed | 4 | |
| Circlet of Nobility | 3 | |
| Staff of Teleportation | 2 | |
| Orb of Lightning | 2 | |
13 total
team 2 (winner)

»
DOUGLASCALACA (
teal | 37 APM | 1193 actions | 32:08)
6 Dreadlord
3 Sleep
2 Vampiric Aura
1 Inferno
» actions
| Assign group hotkey | 33 | |
| Build / train | 68 | |
| Enter build submenu | 26 | |
| Enter hero's abilities submenu | 6 | |
| Give item / drop item | 4 | |
| Right click | 476 | |
| Select / deselect | 260 | |
| Select group hotkey | 214 | |
| Use ability | 106 | |
1193 total
» units
| Acolyte | 19 | |
| Ghoul | 6 | |
| Gargoyle | 22 | |
47 total
» buildings
| Ziggurat | 11 | |
| Crypt | 8 | |
| Altar of Darkness | 2 | |
| Tomb of Relics | 1 | |
| Graveyard | 2 | |
| Halls of the Dead | 2 | |
| Necropolis | 3 | |
| Black Citadel | 1 | |
30 total
» build order
00:11 Ziggurat
00:18 Crypt
00:42 Altar of Darkness
00:46 Altar of Darkness
01:01 Tomb of Relics
01:14 Ziggurat
02:18 Graveyard
05:04 Ziggurat
05:24 Halls of the Dead
06:21 Crypt
06:23 Crypt
06:24 Crypt
09:48 Ziggurat
11:33 Ziggurat
13:24 Necropolis
13:43 Ziggurat
13:59 Ziggurat
14:45 Black Citadel
21:14 Necropolis
28:23 Halls of the Dead
28:26 Ziggurat
28:30 Ziggurat
28:31 Ziggurat
28:31 Ziggurat
28:36 Crypt
28:37 Crypt
28:38 Crypt
28:39 Crypt
30:25 Necropolis
30:54 Graveyard
» items
| Rod of Necromancy | 1 | |
| Scroll of Town Portal | 2 | |
| Healing Salve | 2 | |
| Orb of Corruption | 1 | |
| Boots of Speed | 1 | |
| Potion of Lesser Invulnerability | 2 | |
| Lesser Clarity Potion | 1 | |
| Staff of Teleportation | 1 | |
11 total
Laziza2 (
pink | 33 APM | 860 actions | 26:17)
4 Archmage
2 Summon Water Elemental
2 Brilliance Aura
4 Paladin
1 Holy Light
2 Divine Shield
1 Devotion Aura
» actions
| Basic commands | 14 | |
| Build / train | 86 | |
| Enter build submenu | 24 | |
| Enter hero's abilities submenu | 9 | |
| Remove unit from queue | 1 | |
| Right click | 340 | |
| Select / deselect | 298 | |
| Use ability | 87 | |
860 total
» units
| Peasant | 20 | |
| Footman | 4 | |
| Sorceress | 12 | |
| Priest | 5 | |
| Spell Breaker | 14 | |
55 total
» upgrades
| Masonry | 1 | |
| Sorceress Training | 2 | |
| Priest Training | 2 | |
| Swords | 2 | |
| Plating | 2 | |
| Control Magic | 1 | |
10 total
» buildings
| Altar of Kings | 1 | |
| Farm | 13 | |
| Barracks | 1 | |
| Town Hall | 2 | |
| Keep | 1 | |
| Lumber Mill | 1 | |
| Blacksmith | 1 | |
| Arcane Sanctum | 3 | |
| Arcane Vault | 1 | |
| Castle | 2 | |
26 total
» build order
00:33 Altar of Kings
00:47 Farm
00:56 Barracks
01:31 Farm
02:01 Farm
02:48 Farm
03:58 Town Hall
04:56 Keep
06:58 Lumber Mill
07:02 Blacksmith
08:24 Arcane Sanctum
08:29 Arcane Sanctum
08:33 Arcane Sanctum
08:40 Farm
09:30 Farm
09:50 Arcane Vault
10:02 Farm
10:05 Farm
10:33 Farm
10:41 Castle
10:41 Castle
11:35 Farm
11:43 Farm
12:19 Farm
12:27 Farm
18:51 Town Hall
» items
| Scroll of Town Portal | 2 | |
| Orb of Fire | 2 | |
| Potion of Healing | 1 | |
5 total
fiendishone (
blue | 81 APM | 4053 actions | 50:09)
6 Death Knight
3 Death Coil
3 Unholy Aura
4 Lich
2 Frost Nova
1 Dark Ritual
1 Frost Armor
» actions
| Assign group hotkey | 50 | |
| Basic commands | 82 | |
| Build / train | 207 | |
| ESC pressed | 6 | |
| Enter build submenu | 34 | |
| Enter hero's abilities submenu | 10 | |
| Give item / drop item | 9 | |
| Right click | 1853 | |
| Select / deselect | 546 | |
| Select group hotkey | 1083 | |
| Use ability | 173 | |
4053 total
» units
| Acolyte | 18 | |
| Ghoul | 1 | |
| Crypt Fiend | 13 | |
| Goblin Shredder | 5 | |
| Goblin Zeppelin | 36 | |
| Abomination | 1 | |
| Blue Dragon | 11 | |
| Obsidian Statue | 5 | |
| Goblin Sapper | 2 | |
92 total
» upgrades
| Creature Attack | 3 | |
| Creature Carapace | 3 | |
| Burrow | 1 | |
| Web | 1 | |
| Disease Cloud | 1 | |
| Unholy Armor | 3 | |
| Destroyer Form | 1 | |
| Unholy Strength | 3 | |
| Ghoul Frenzy | 1 | |
| Backpack | 1 | |
18 total
» buildings
| Graveyard | 1 | |
| Crypt | 1 | |
| Altar of Darkness | 1 | |
| Ziggurat | 11 | |
| Tomb of Relics | 2 | |
| Necropolis | 3 | |
| Halls of the Dead | 3 | |
| Nerubian Tower | 14 | |
| Spirit Tower | 15 | |
| Black Citadel | 4 | |
| Slaughterhouse | 2 | |
| Sacrificial Pit | 1 | |
58 total
» build order
00:08 Graveyard
00:12 Crypt
00:43 Altar of Darkness
00:59 Ziggurat
01:36 Tomb of Relics
02:02 Ziggurat
04:00 Ziggurat
05:00 Necropolis
06:05 Halls of the Dead
06:05 Halls of the Dead
06:25 Nerubian Tower
06:25 Nerubian Tower
06:25 Nerubian Tower
08:10 Ziggurat
08:17 Tomb of Relics
10:30 Spirit Tower
10:30 Spirit Tower
10:31 Spirit Tower
10:31 Spirit Tower
10:34 Black Citadel
10:34 Black Citadel
10:34 Black Citadel
10:39 Necropolis
10:43 Ziggurat
10:44 Ziggurat
10:51 Slaughterhouse
11:09 Ziggurat
11:12 Ziggurat
13:10 Nerubian Tower
13:10 Nerubian Tower
13:11 Nerubian Tower
13:11 Nerubian Tower
13:12 Nerubian Tower
16:28 Spirit Tower
16:29 Spirit Tower
16:41 Spirit Tower
16:41 Spirit Tower
19:12 Slaughterhouse
19:14 Sacrificial Pit
20:40 Necropolis
27:52 Ziggurat
27:54 Ziggurat
27:59 Ziggurat
34:17 Nerubian Tower
34:17 Nerubian Tower
34:18 Spirit Tower
34:18 Spirit Tower
34:18 Spirit Tower
» items
| Rod of Necromancy | 5 | |
| Sacrificial Skull | 5 | |
| Scroll of Town Portal | 2 | |
| Orb of Corruption | 2 | |
| Potion of Healing | 3 | |
| Scroll of Protection | 1 | |
18 total
SHAM-RAM. (
purple | 49 APM | 2448 actions | 50:09)
6 Blademaster
3 Wind Walk
2 Critical Strike
1 Bladestorm
» actions
| Assign group hotkey | 69 | |
| Build / train | 65 | |
| Enter build submenu | 32 | |
| Enter hero's abilities submenu | 6 | |
| Give item / drop item | 2 | |
| Remove unit from queue | 2 | |
| Right click | 1071 | |
| Select / deselect | 324 | |
| Select group hotkey | 648 | |
| Use ability | 229 | |
2448 total
» units
| Peon | 13 | |
| Wind Rider | 3 | |
| Goblin Zeppelin | 3 | |
| Goblin Shredder | 1 | |
| Goblin Sapper | 3 | |
| Troll Batrider | 2 | |
| Raider | 2 | |
27 total
» upgrades
| Reinforced Defenses | 1 | |
| Envenomed Spears | 1 | |
| Ranged Weapons | 2 | |
| Armor | 2 | |
| Liquid Fire | 1 | |
| Ensnare | 1 | |
| Melee Weapons | 2 | |
10 total
» buildings
| Altar of Storms | 1 | |
| Orc Burrow | 6 | |
| Voodoo Lounge | 2 | |
| War Mill | 2 | |
| Stronghold | 3 | |
| Beastiary | 5 | |
| Fortress | 1 | |
| Watch Tower | 79 | |
| Great Hall | 2 | |
101 total
» build order
00:07 Altar of Storms
00:20 Orc Burrow
00:48 Voodoo Lounge
01:28 War Mill
02:07 Stronghold
02:55 Orc Burrow
03:01 Orc Burrow
03:31 Orc Burrow
04:30 Beastiary
04:31 Beastiary
05:06 Fortress
09:55 Watch Tower
09:56 Watch Tower
09:59 Watch Tower
10:07 Watch Tower
10:08 Watch Tower
10:10 Watch Tower
10:28 Watch Tower
11:08 Watch Tower
11:09 Watch Tower
11:09 Watch Tower
11:36 Watch Tower
11:41 Watch Tower
12:08 Voodoo Lounge
12:31 Watch Tower
12:32 Watch Tower
12:32 Watch Tower
12:33 Watch Tower
12:34 Watch Tower
13:56 Orc Burrow
15:47 Orc Burrow
15:49 Beastiary
17:02 Watch Tower
22:10 Great Hall
22:13 Watch Tower
22:13 Watch Tower
22:14 Watch Tower
22:14 Watch Tower
23:34 Watch Tower
23:34 Watch Tower
30:36 Great Hall
30:38 Watch Tower
31:34 Stronghold
31:38 Beastiary
31:38 Beastiary
34:21 Stronghold
34:23 War Mill
35:40 Watch Tower
35:40 Watch Tower
35:40 Watch Tower
35:41 Watch Tower
35:42 Watch Tower
35:42 Watch Tower
35:42 Watch Tower
35:43 Watch Tower
35:44 Watch Tower
35:44 Watch Tower
35:44 Watch Tower
35:45 Watch Tower
35:46 Watch Tower
35:46 Watch Tower
35:47 Watch Tower
35:47 Watch Tower
35:48 Watch Tower
35:49 Watch Tower
35:50 Watch Tower
35:50 Watch Tower
35:50 Watch Tower
35:51 Watch Tower
35:51 Watch Tower
35:52 Watch Tower
35:52 Watch Tower
35:53 Watch Tower
35:53 Watch Tower
35:54 Watch Tower
35:54 Watch Tower
35:54 Watch Tower
35:55 Watch Tower
35:56 Watch Tower
35:57 Watch Tower
35:57 Watch Tower
35:58 Watch Tower
35:58 Watch Tower
35:59 Watch Tower
36:00 Watch Tower
36:01 Watch Tower
36:02 Watch Tower
36:02 Watch Tower
36:03 Watch Tower
36:04 Watch Tower
36:06 Watch Tower
36:07 Watch Tower
36:07 Watch Tower
36:07 Watch Tower
36:08 Watch Tower
36:09 Watch Tower
36:10 Watch Tower
36:10 Watch Tower
36:11 Watch Tower
41:10 Watch Tower
41:13 Watch Tower
» items
| Healing Salve | 4 | |
| Lesser Clarity Potion | 1 | |
| Staff of Teleportation | 1 | |
| Tiny Great Hall | 1 | |
| Scroll of Town Portal | 3 | |
| Orb of Lightning | 1 | |
| Potion of Healing | 1 | |
| Boots of Speed | 1 | |
| Potion of Lesser Invulnerability | 2 | |
15 total
Chat log
(00:11 / Allies) seafoodcake: whats the plan
(00:17 / Allies) BoardsOfCanada: fe then hit
(00:32 / Allies) seafoodcake: first expansion?
(00:38 / Allies) BoardsOfCanada: fuck i just say
(00:58 / Allies) seafoodcake: le sigh
(01:09 / Allies) seafoodcake: i thought canadians were supposed to be polite
(01:20 / Allies) BoardsOfCanada: i dont know any canadians
(01:30 / Allies) Alchemie: it's a hipster band
(01:35 / Allies) seafoodcake: but ur a boards
(01:42 / Allies) seafoodcake: from canada
(01:51 / Allies) BoardsOfCanada: and youre musically retarded
(02:10 / Allies) seafoodcake: omg thats funny put it on your tumblr or i will steal it
(02:27 / Allies) BoardsOfCanada: i dont have a tumbler
(05:09 / Allies) Alchemie: give me my item green
(06:13 / All) SHAM-RAM.: not mh red just legit jack
(06:14 / All) fiendishone: nice mh
(06:31 / All) BoardsOfCanada: only a noob would expect that as MH
(06:33 / All) fiendishone: go straight for my expo, ignore everything else
(06:37 / All) fiendishone: yeah totally legit
(06:44 / All) fiendishone: faggot
(06:49 / All) fiendishone: you're going to drown in my shit
(06:53 / All) BoardsOfCanada: because people NEVER check enemy expos after creeping their own
(06:54 / All) SHAM-RAM.: not really; 1/3 of people in 4v4 hack
(06:59 / All) fiendishone: he didn't check purp's expo
(07:12 / Allies) BoardsOfCanada: n1
(07:13 / All) fiendishone: went straight for mine
(07:30 / Allies) BoardsOfCanada: orange fiht
(08:08 / Allies) seafoodcake: air uh oh
(09:21 / All) Laziza2: come red
(09:25 / All) BoardsOfCanada: omw
(10:12 / All) Alchemie: teh fuk
(11:20 / All) Alchemie: RUN BUBBA
(11:49 / Allies) Alchemie: how da fuck i only have 1 ring of protect
(12:55 / Allies) Alchemie: bats needed
(13:32 / Allies) seafoodcake: anyone have red? Lol
(13:36 / Allies) Alchemie: i not
(14:52 / Allies) bug: bats?
(17:44 / All) fiendishone: nice bats on lvl 1 0dragon LOL
(17:46 / All) fiendishone: soaks it up
(17:49 / All) fiendishone: retard
(18:28 / Allies) Alchemie: come back
(18:29 / All) Laziza2: thanks guys
(18:32 / All) Laziza2: appreciate the xp
(19:56 / All) DOUGLASCALACA: pink the best
(20:06 / All) Alchemie: god slow is so gay
(20:09 / All) Alchemie: lasts way too long
(20:12 / All) Alchemie: like faerie fire
(23:42 / All) DOUGLASCALACA: blue....STOP BICH
(23:57 / All) fiendishone: pendant of energy on am
(23:58 / All) fiendishone: what a waste lol
(24:04 / All) Alchemie: give me
(24:19 / All) Laziza2: gg
(24:24 / All) DOUGLASCALACA: GG
(24:28 / All) Alchemie: gg raped
(24:29 / All) DOUGLASCALACA: BLUE IS MOTHER FUCKER
(24:31 / All) Laziza2: we got dick heads of tking team
(24:36 / All) Alchemie: u got raped
(24:39 / All) Alchemie: pussy
(24:40 / All) Laziza2: its fine though
(24:42 / All) fiendishone: Next time don't insult me pink
(24:45 / All) Laziza2: ill tk you next time
(24:45 / All) fiendishone: That's what you get
(24:46 / All) Alchemie: u got raped pussy
(24:51 / All) fiendishone: I'll kill you every time for disrespecting me
(24:53 / All) Alchemie: stop crying and leave pussy
(24:56 / All) Laziza2: lol
(24:56 / All) fiendishone: you got raped, you're nothing to me
(24:59 / All) Laziza2: whats your phone number
(25:00 / All) Alchemie: i own u
(25:01 / All) Laziza2: ill call you now
(25:02 / All) fiendishone: you're an insect under my foot, you fucking worm
(25:05 / All) Laziza2: you can kill me face to face
(25:07 / All) fiendishone: I'll whisper it
(25:09 / All) fiendishone: if you want it
(25:11 / All) Laziza2: give me it
(25:29 / All) Alchemie: 1800Crybaby
(25:32 / All) Alchemie: that's ur number
(25:39 / All) Laziza2: baltimore pussy
(25:42 / All) Laziza2: Come to philly now
(25:43 / All) fiendishone: Call me faggot
(25:46 / All) fiendishone: I whispered you my number
(25:52 / All) Laziza2: galleria on Market st
(25:55 / All) Laziza2: come pussy
(26:03 / All) fiendishone: I'm in pitt meadows BC canada
(26:11 / All) Laziza2: lol go fuk yourself then
(26:19 / All) fiendishone: feel free to call me though
(26:21 / All) fiendishone: but you got no balls
(26:22 / All) fiendishone: LOL
(26:24 / All) fiendishone: he never called me
(26:31 / All) DOUGLASCALACA: MY TEAM.... 1 NOOB (PURP), 1 GAY (BLUE) AND 2 PROF
(26:49 / All) Alchemie: profool?
(26:54 / All) Alchemie: u're a professional fool?
(26:59 / All) Alchemie: getting raped by dhawk over and over?
(27:31 / All) Alchemie: look at my hero
(27:32 / All) Alchemie: level 9
(27:35 / All) Alchemie: that's thanx to u teal
(27:38 / All) DOUGLASCALACA: CONGRATIS
(27:39 / All) Alchemie: noob
(27:42 / All) fiendishone: I have 5/3 and only one noob left to kill
(28:53 / All) fiendishone: dumb faggot lol
(29:04 / All) fiendishone: 80 food undead and you go in with bm solo
(29:06 / All) fiendishone: as if I won't have shade
(29:18 / All) SHAM-RAM.: lawl
(31:23 / All) fiendishone: out green
(31:24 / All) SHAM-RAM.: do u guys think alchemist level 3 healing spray is strong enough
(31:34 / All) Alchemie: no
(31:34 / All) fiendishone: Healing spray sucks period
(31:35 / All) Alchemie: it sucks
(32:45 / All) fiendishone: Bad luck for you green
(33:21 / All) Alchemie: lol
(33:29 / All) SHAM-RAM.: didnt know that would happen
(33:33 / All) SHAM-RAM.: thought only 1 peasant
(33:54 / All) Alchemie: yeah not sure why it killed all of themm
(34:12 / All) bug: n
(34:24 / All) bug: u thougt u could
(35:04 / All) SHAM-RAM.: i take it that was supposed to be an insult green
(35:12 / All) bug: naive
(35:28 / All) fiendishone: only green here and this game is about wrapped up, my takeout just arrived
(35:34 / All) fiendishone: gonna go eat while you two finish him off
(35:37 / All) fiendishone: Jake you have control
(35:46 / All) fiendishone: back in 10-15
(36:12 / All) bug: thx purple
(37:02 / All) Alchemie: healing spray would be a lot better if it didn't heal enemy
(37:18 / All) Alchemie: then you could use it more liberally
(37:22 / All) SHAM-RAM.: it needs toheal for 2x more
(37:29 / All) Alchemie: it would be fine if didn't heal enemy
(37:33 / All) SHAM-RAM.: and transmute 2x more gold
(38:22 / All) bug: lol
(38:32 / All) SHAM-RAM.: well all be, green pulled it off
(38:49 / All) bug: u wish u could
(39:35 / All) SHAM-RAM.: this is sparta biatches
(40:46 / Allies) bug: gold?
(42:07 / All) SHAM-RAM.: i dont like u green u are dumbo
(42:16 / Allies) Alchemie: be ready to tp on me
(42:19 / All) bug: if u win u can say that
(42:30 / All) SHAM-RAM.: y cant say it if i lose?
(42:36 / All) bug: come on suck me
(42:41 / All) SHAM-RAM.: are you voting for trmp
(43:32 / All) SHAM-RAM.: i go eat food
(43:37 / All) bug: lol
(43:40 / All) bug: loser
(48:38 / Allies) bug: ??
(48:43 / Allies) Alchemie: I told you to tp on me
(48:48 / Allies) Alchemie: u told me to suck u off
(48:51 / Allies) Alchemie: now u lose
(48:54 / Allies) bug: no
(49:25 / Allies) bug: i am not saying to u
(49:26 / Allies) bug: fuck